 Dungeon Crawl Stone Soup version 0.25.0-26-g0c896c7088 (webtiles) character file.

Game seed: 15872306858997388435

232 xccam the Cutter (level 6, -4/39 HPs)
             Began as an Octopode Assassin on July 2, 2020.
             Slain by Menkaure (8 damage)
             ... in an ossuary.
             The game lasted 00:03:38 (3505 turns).

xccam the Cutter (Octopode Assassin)                Turns: 3505, Time: 00:03:38

Health: -4/39      AC:  1    Str: 10    XL:     6   Next: 4%
Magic:  6/6        EV: 13    Int: 13    God:
Gold:   189        SH:  0    Dex: 16    Spells: 5/5 levels left

rFire    . . .     SeeInvis .   a - +2 dagger
rCold    . . .     Gourm    .   (no shield)
rNeg     . . .     Faith    .   (helmet restricted)
rPois    .         Spirit   .   (no amulet)
rElec    .         Reflect  .   i - ring of teleportation (curse)
rCorr    .         Harm     .   (no ring)
MR       .....     Rnd*Tele +   (no ring)
Stlth    ++++......             (no ring)
HPRegen  0.13/turn              (no ring)
MPRegen  0.10/turn              (no ring)
                                (no ring)
                                (no ring)

@: marked
A: almost no armour, stealthy swim, amphibious, 8 rings, constrict 8, camouflage
1, gelatinous body 1
a: no special abilities


You were in an ossuary.
You were very hungry.

You visited 1 branch of the dungeon, and saw 4 of its levels.
You also visited: Ossuary.

You collected 189 gold pieces.

Inventory:

Hand Weapons
 a - a +2 dagger (weapon)
 j - a +1 hunting sling of flaming
Missiles
 b - 22 poisoned darts (quivered)
 c - 2 curare-tipped darts
 k - 32 stones
 l - 12 sling bullets
Jewellery
 f - an uncursed ring of fire
 i - a cursed ring of teleportation (left tentacle)
Scrolls
 m - a scroll of enchant armour
 o - 3 scrolls of identify
 p - 2 scrolls of magic mapping
 q - 2 scrolls of amnesia
Comestibles
 d - 6 rations


   Skills:
 - Level 2.0 Fighting
 + Level 6.1 Short Blades
 - Level 2.0 Throwing
 - Level 1.0 Dodging
 - Level 5.3 Stealth


You had 5 spell levels left.
You didn't know any spells.
Your spell library was empty.

Dungeon Overview and Level Annotations

Branches:
Dungeon (4/15)            Ossuary (1/1)
 Temple: D:4-7

Altars:

Annotations:
Ossuary Menkaure


Innate Abilities, Weirdness & Mutations

You cannot wear most types of armour.
You are very stealthy in the water. (Stealth+)
You are amphibious.
You can wear up to eight rings at the same time.
You can use your tentacles to constrict eight enemies at once.
Your skin changes colour to match your surroundings (Stealth+).
Your rubbery body absorbs attacks. (AC +1, EV +1)


Message History

You barely miss Menkaure. You grab Menkaure. You constrict the mummy.
You constrict Menkaure, but do no damage.
Menkaure hits you.
* * * LOW HITPOINT WARNING * * *
You hit Menkaure.
Menkaure is lightly damaged.
You constrict the mummy.
You constrict Menkaure, but do no damage.
The mummy closely misses you.
Menkaure calls on the powers of darkness!
Your body is wracked with pain!
* * * LOW HITPOINT WARNING * * *
You hit Menkaure. You squeeze Menkaure!
Menkaure is heavily damaged.
You constrict the mummy. You constrict Menkaure. You hit Menkaure.
Menkaure is severely damaged.
You constrict the mummy, but do no damage.
You constrict Menkaure. Menkaure hits you!
You die...

#..## !#
#..## !!#
#..## ..!#
##..##
∩...#
##..##
?.^..#
##..##
.M§M#
##..##
#######MM##
##..##
...Z..§ZM@#
##..##
###########
##..##
##..##
##..# ##∩∩
###


You could see Menkaure (fast), 3 mummies and a kobold skeleton.

Vanquished Creatures
  The ghost of xccam the Insei, an amateur OpTm (D:3)
  A hound skeleton (D:4)
  A hound simulacrum (D:3)
  A white imp (D:3)
  2 dart slugs
  An adder simulacrum (D:3)
  3 leopard geckos (D:2)
  4 orcs (D:3)
  2 giant cockroaches (D:3)
  2 gnoll zombies (Ossuary)
  12 goblins
  5 hobgoblins
  5 jackals (D:2)
  A quokka (D:4)
  3 ball pythons
  7 bats
  6 frilled lizards
  A giant cockroach simulacrum (D:3)
  2 goblin zombies (Ossuary)
  A jackal simulacrum (D:3)
  7 kobolds
  A kobold zombie (Ossuary)
  2 orc skeletons (Ossuary)
  2 orc zombies (Ossuary)
  3 rats
  A rat skeleton (Ossuary)
77 creatures vanquished.

Notes
Turn   | Place    | Note
-------+----------+-------------------------------------------
     0 | D:1      | xccam the Octopode Assassin began the quest for the Orb.
     0 | D:1      | Reached XP level 1. HP: 14/14 MP: 1/1
   175 | D:1      | Reached XP level 2. HP: 19/19 MP: 2/2
   485 | D:1      | Reached skill level 3 in Short Blades
  1014 | D:2      | Reached XP level 3. HP: 12/24 MP: 3/3
  1861 | D:2      | Reached skill level 4 in Short Blades
  2529 | D:3      | Reached XP level 4. HP: 25/29 MP: 4/4
  2836 | D:3      | Noticed xccam's ghost (amateur OpTm)
  2960 | D:3      | Found a runed translucent gate.
  2960 | D:3      | Found a runed translucent gate.
  2960 | D:3      | Found a runed translucent gate.
  3218 | D:3      | Killed xccam's ghost
  3218 | D:3      | Reached skill level 5 in Short Blades
  3218 | D:3      | Reached XP level 5. HP: 24/34 MP: 5/5
  3396 | D:4      | Reached skill level 6 in Short Blades
  3396 | D:4      | Reached XP level 6. HP: 39/39 MP: 6/6
  3419 | D:4      | Found a sand-covered staircase.
  3436 | Ossuary  | Entered an ossuary
  3497 | Ossuary  | Noticed Menkaure
  3505 | Ossuary  | Slain by Menkaure

Illustrated notes

Levels and vault maps discovered:
D:1:      nagdon_arrival_zigzag_paths, layout_loops_ring, serial_park_tiny_1
D:2:      layout_basic, first_ration
D:3:      layout_loops_ring, gammafunk_ghost_icy, chequers_serial_rivers_large_b
D:4:      kennysheep_kobold_camp, layout_cave_pods, enter_ossuary_1,
          due_unseen_surprise
Ossuary:  ossuary_due_pyramid

Skill      XL: |  1  2  3  4  5 |
---------------+----------------+-----
Short Blades   | 3 4 5 6 |  6.1
Fighting       | |  2.0
Throwing       | |  2.0
Dodging        | |  1.0
Stealth        | |  5.3

Action                   |  1- 3 |  4- 6 || total
-------------------------+-------+-------++-------
Melee: Dagger            |    91 |    93 ||   184
       Constrict         |    22 |    19 ||    41
       Tentacles         |    13 |    17 ||    30
  Use: Scroll            |     2 |     5 ||     7
       Potion            |       |     2 ||     2
 Stab: Sleeping          |    10 |     6 ||    16
  Eat: Chunk             |     5 |     2 ||     7
Armor: Skin              |    11 |    22 ||    33
Dodge: Dodged            |    44 |    28 ||    72
